 Dungeon Crawl Stone Soup version 0.30.1-4-g462c640d31 (webtiles) character file.

Game seed: 15961078333720316104

837 Oharrowofmine the Firebug (level 8, -11/60 HPs)
             Began as a Human Cinder Acolyte on Aug 29, 2023.
             Was a High Priest of Ignis.
             Mangled by a shadow (29 damage)
             ... on level 5 of the Dungeon.
             The game lasted 00:42:18 (7817 turns).

Oharrowofmine the Firebug (Human Cinder Acolyte)    Turns: 7817, Time: 00:42:18

Health: -11/60     AC:  5    Str: 14    XL:     8   Next: 19%
Magic:  2/14       EV: 17    Int: 17    God:    Ignis [*****.]
Gold:   204        SH:  0    Dex:  9    Spells: 13/16 levels left

rFire   + . .        L - +3 whip (elec)
rCold   . . .        (no shield)
rNeg    + . .        b - +0 robe
rPois   +            (no helmet)
rElec   .            z - +0 cloak {rPois}
rCorr   .            M - +0 pair of gloves
SInv    .            u - +0 pair of boots
Will    .....        d - amulet of regeneration
Stlth   +            U - +5 ring of evasion
HPRegen 1.10/turn    A - ring of positive energy
MPRegen 0.14/turn

%: no passive effects
@: no status effects
A: no striking features
a: Renounce Religion, Fiery Armour, Foxfire Swarm, Rising Flame


You were on level 5 of the Dungeon.
You worshipped Ignis.
Ignis was extremely pleased with you.
You visited 1 branch of the dungeon, and saw 5 of its levels.

You collected 204 gold pieces.

Inventory:

Hand Weapons
 a - a -1 short sword of flaming
 c - a +0 giant club
 f - a +0 short sword
 l - a +0 dagger
 m - a +0 trident
 o - a +0 whip
 p - a +2 quarterstaff of chaos
 q - a +0 falchion
 r - a +3 dagger
 w - the +5 woodcutter's axe
   (You found it on level 5 of the Dungeon)
 x - a +0 hammer
 y - a +0 heavy hammer
 B - a +1 heavy war axe
 F - a +0 sling
 H - a +0 mace
 I - a +0 club
 L - a +3 whip of electrocution (weapon)
 S - the +8 rapier "Afuaca" {speed, rC+}
   (You found it on level 3 of the Dungeon)

   rC:        It protects you from cold.
Missiles
 e - 3 poisoned darts
 g - 46 stones (quivered)
 v - 4 curare-tipped darts
 G - 11 boomerangs
 Y - 2 javelins
Armour
 b - a +0 robe (worn)
 h - a +0 robe
 k - a +0 ring mail
 s - a +0 plate armour
 t - a +0 barding
 u - a +0 pair of boots (worn)
 z - a +0 cloak of poison resistance (worn)
 J - a +0 robe
 M - a +0 pair of gloves (worn)
 N - a +0 leather armour
 R - a +0 leather armour
Jewellery
 d - an amulet of regeneration (around neck)
 A - a ring of positive energy (right hand)
 U - a +5 ring of evasion (left hand)
Wands
 X - a wand of roots (6)
Scrolls
 i - 4 scrolls of teleportation
 j - 4 scrolls of identify
 C - a scroll of immolation {unknown}
 P - a scroll of poison {unknown}
 Z - a scroll of fear {unknown}
Potions
 n - 3 potions of brilliance
 O - 3 potions of curing
 Q - a potion of might {unknown}
 V - a potion of lignification {unknown}


   Skills:
 + Level 3.6 Fighting
 + Level 4.3 Short Blades
 + Level 0.9 Maces & Flails
 + Level 0.1(0.4) Staves
 + Level 2.5 Dodging
 + Level 1.2 Stealth
 + Level 4.5 Spellcasting
 + Level 5.5 Fire Magic


You had 13 spell levels left.
You knew the following spells:

 Your Spells              Type           Power      Damage    Failure   Level
a - Scorch                Fire           44%        2d7       2%          2
b - Summon Small Mammal   Summ           12%        N/A       16%         1

Your spell library contained the following spells:

 Spells                   Type           Power      Damage    Failure   Level
 Lesser Beckoning         Tloc           6%         N/A       22%         2
 Call Canine Familiar     Summ           3%         N/A       41%         3
 Gell's Gravitas          Tloc           3%         N/A       41%         3
 Summon Guardian Golem    Hex/Summ       3%         N/A       41%         3
 Teleport Other           Tloc           3%         N/A       41%         3


Dungeon Overview and Level Annotations

Branches:
Dungeon (5/15)
 Temple: D:4-7

Altars:
Xom


Message History

Flames lash the shadow.
The shadow is burned terribly!
The shadow is almost destroyed.
The shadow hits you!
Casting: Scorch (safe; 2% risk of failure)
Confirm with . or Enter, or press ? or * to list all spells.
You miscast Scorch.
You are very lightly contaminated with residual magic.
Nothing appears to happen.
The shadow slips into darkness.
The shadow flickers and vanishes!
Deactivating autopickup; reactivate with Ctrl-A.
You barely miss something.
The shadow strikes at you from the darkness!
Reactivating autopickup.
You barely miss the shadow.
The shadow is almost destroyed.
The shadow hits you!
You closely miss the shadow. You punch the shadow.
The shadow is almost destroyed.
The shadow hits you.
You barely miss the shadow.
The shadow is almost destroyed.
The shadow hits you!
You hit the shadow but do no damage.
The shadow is almost destroyed.
The shadow slips into darkness.
The shadow flickers and vanishes!
Deactivating autopickup; reactivate with Ctrl-A.
You closely miss something. Your punch misses something.
The shadow strikes at you from the darkness!
* * * LOW HITPOINT WARNING * * *
Reactivating autopickup.
Your magical contamination has completely faded away.
You feel better.
The shadow slips into darkness.
The shadow flickers and vanishes!
Deactivating autopickup; reactivate with Ctrl-A.
You miss something.
The shadow strikes at you from the darkness!
You die...

#...........# #.#
#.####. #........#### .#
#...... #........# .# #
#####.# ###........#
####.##.. #...
......#.#'## #........
#### #######.#.#
#....(... ##........#
#......#
##.####.########......##
........# #....@{......
##.###### #.###......##
#.# #.# #......# #.# #.#
#......# #.# #.#
######## #.#########.#
#...........#
#############


There were no monsters in sight!

Vanquished Creatures
  2 ogres
  2 phantoms
  Blork the orc (D:4)
  2 scorpions
  An orc priest (D:3)
  A hound (D:4)
  A sleepcap (D:4)
  Crazy Yiuf (D:2)
  2 iguanas (D:5)
  An orc wizard (D:3)
  3 gnolls (D:4)
  2 adders
  A shadow imp (D:5)
  A worm (D:4)
  5 orcs
  2 ball pythons (D:1)
  9 endoplasms
  A giant cockroach (D:1)
  8 goblins
  6 hobgoblins
  7 jackals
  5 quokkas
  6 bats
  6 frilled lizards
  10 kobolds
  5 rats
91 creatures vanquished.

Notes
Turn   | Place    | Note
-------+----------+-------------------------------------------
     0 | D:1      | Oharrowofmine the Human Cinder Acolyte began the quest for
                  | the Orb.
     0 | D:1      | Reached XP level 1. HP: 18/18 MP: 2/2
   345 | D:1      | Reached XP level 2. HP: 15/24 MP: 3/3
   351 | D:1      | Learned a level 2 spell: Scorch
   878 | D:1      | You fall into a shaft and drop 1 floor!
   909 | D:2      | Reached XP level 3. HP: 21/29 MP: 2/4
  1716 | D:2      | Reached XP level 4. HP: 33/35 MP: 0/5
  1829 | D:2      | Found a runed translucent door.
  1831 | D:2      | Noticed Crazy Yiuf
  1864 | D:2      | Killed Crazy Yiuf
  1865 | D:2      | Reached skill level 1 in Dodging
  2851 | D:2      | Found a faded altar of an unknown god.
  3831 | D:3      | Reached XP level 5. HP: 23/41 MP: 0/7
  5362 | D:3      | Identified the +8 rapier "Afuaca" {speed, rC+}
  5868 | D:4      | Reached skill level 4 in Fire Magic
  5868 | D:4      | Reached XP level 6. HP: 43/47 MP: 0/9
  5958 | D:4      | Reached skill level 1 in Stealth
  6136 | D:4      | Found a shimmering altar of Xom.
  6153 | D:4      | Noticed Blork the orc
  6176 | D:4      | Killed Blork the orc
  6177 | D:4      | Reached XP level 7. HP: 24/52 MP: 0/11
  6398 | D:4      | Noticed a yak
  7223 | D:5      | Entered Level 5 of the Dungeon
  7230 | D:5      | Learned a level 1 spell: Summon Small Mammal
  7376 | D:5      | Reached skill level 5 in Fire Magic
  7467 | D:5      | Reached XP level 8. HP: 55/60 MP: 1/14
  7675 | D:5      | Found the +5 woodcutter's axe
  7799 | D:5      | Noticed a shadow
  7817 | D:5      | Mangled by a shadow

Illustrated notes

Levels and vault maps discovered:
D:1:      dpeg_arrival_rhombus, layout_basic
D:2:      layout_rooms, shapermc_ecumenical_altar_petra, minmay_misc_feat_roman,
          minmay_hexomino_u4, uniq_crazy_yiuf_cottage
D:3:      layout_basic
D:4:      layout_loops_ring, mainiacjoe_overflow_brackets,
          minmay_misc_feat_nine_boxes, lightli_corner_chamber,
          uniq_blork_the_orc
D:5:      layout_basic, mainiacjoe_overflow_big_doors

Skill      XL: |  1  2  3  4  5  6  7 |
---------------+----------------------+-----
Dodging        | 1 2 |  2.5
Short Blades   | 4 |  4.3
Spellcasting   | 2 3 4 |  4.5
Fire Magic     | 4 5 |  5.5
Stealth        | 1 |  1.2
Fighting       | |  3.6
Maces & Flails | |  0.9
Staves         | |  0.1

Action                     |  1- 3 |  4- 6 |  7- 9 || total
---------------------------+-------+-------+-------++-------
  Melee: Short sword       |   151 |    62 |       ||   213
         Quarterstaff      |       |    15 |       ||    15
         Whip              |       |    25 |     8 ||    33
         Rapier            |       |     4 |    15 ||    19
         Punch             |       |     1 |     1 ||     2
   Fire: Sling             |       |       |     2 ||     2
   Cast: Scorch            |    14 |    42 |    39 ||    95
    Use: Potion            |     4 |     2 |     1 ||     7
         Scroll            |       |     2 |       ||     2
 Armour: Robe              |    59 |    45 |     4 ||   108
  Dodge: Dodged            |   116 |   108 |    23 ||   247
